AoeStats
← K

Black Forest

509629356Analyzed
4v4 RM · 6d ago on Sep 27, 2026· 55m 3s· 8 players
Game mode
Random Map
Map size
Large (8 player)
Population
200
Speed
Normal
Resources
Standard
Victory
Conquest
Starting age
Dark Age
Ending age
Imperial Age
RankedLock teamsTeams togetherTeam positionsShared explorationLock speedFull tech treeHidden civsTurbo modeCheats
Victory
Defeat
🇧🇷 Aztecs · Brazil
1208
+15
🇧🇷 Wei · Brazil
1201
+15
🇧🇷 Franks · Brazil
1109
+19
🇧🇷 Vikings · Brazil
1084
+19
🇲🇦 Bohemians · Morocco
1195
-18
🇬🇧 Shu · United Kingdom
1173
-17
🇬🇧 Dravidians · United Kingdom
1173
-17
🇷🇺 Slavs · Russia
1139
-16
kunal-AOE
3:19 Loom
12:56 Feudal Age
15:18 Wheelbarrow
17:52 Castle Age
15:40 Double-Bit Axe
17:07 Horse Collar
19:14 Bow Saw
21:08 Fletching
24:58 Hand Cart
25:05 Elite Skirmisher
25:48 Gold Mining
27:09 Scale Barding Armor
30:01 Pikeman
30:42 Squires
30:28 Arson
33:32 Husbandry
32:53 Light Cavalry
35:22 Devotion
35:57 Coiled Serpent Array
40:52 Ballistics
41:15 Treadmill Crane
44:05 Forging
49:12 Imperial Age
sadenns
0:46 Loom
0:53 Loom
12:58 Feudal Age
18:24 Castle Age
16:35 Double-Bit Axe
17:00 Horse Collar
17:52 Stone Mining
19:28 Bow Saw
19:18 Fletching
20:52 Wheelbarrow
22:01 Town Watch
24:50 Heavy Plow
25:19 Forging
27:53 Gold Mining
32:47 Imperial Age
35:01 Onager
36:13 Hand Cart
36:07 Pikeman
36:48 Squires
36:55 Scale Mail Armor
37:30 Iron Casting
38:16 Gold Shaft Mining
41:44 Light Cavalry
KiNtO
11:40 Feudal Age
16:57 Castle Age
15:48 Double-Bit Axe
15:46 Horse Collar
18:14 Bow Saw
18:21 Heavy Plow
20:19 Wheelbarrow
30:11 Imperial Age
28:28 Hand Cart
28:45 Ballistics
29:34 Chemistry
29:55 Forging
29:51 Pikeman
30:31 Squires
30:39 Scale Mail Armor
31:00 Caravan
30:37 Halberdier
32:14 Bombard Tower
32:32 Iron Casting
33:08 Two-Man Saw
33:06 Siphons
33:56 Coinage
34:09 Chain Mail Armor
34:56 Blast Furnace
34:21 Elite Hussite Wagon
34:29 Houfnice
44:05 Plate Mail Armor
43:35 Padded Archer Armor
43:26 Fletching
K
12:54 Feudal Age
19:24 Castle Age
17:25 Double-Bit Axe
18:40 Stone Mining
21:17 Bow Saw
21:57 Horse Collar
24:55 Gold Mining
27:32 Wheelbarrow
31:49 Imperial Age
29:08 Loom
29:09 Town Watch
29:37 Heavy Plow
30:11 Hand Cart
30:26 Fletching
30:36 Padded Archer Armor
31:16 Thumb Ring
32:38 Leather Archer Armor
32:19 Bodkin Arrow
32:46 Ballistics
34:14 Chemistry
35:27 Bracer
35:58 Ring Archer Armor
35:06 Elite Elephant Archer
38:29 Wootz Steel
38:32 Conscription
40:41 Medical Corps
47:04 Siege Elephant
Tilan Borrego
0:50 Loom
13:05 Feudal Age
18:39 Castle Age
16:45 Double-Bit Axe
16:56 Horse Collar
17:27 Gold Mining
17:59 Stone Mining
20:25 Bow Saw
20:55 Heavy Plow
23:58 Fletching
26:02 Wheelbarrow
32:49 Imperial Age
31:03 Scale Barding Armor
31:08 Forging
34:32 Ming Guang Armor
34:28 Conscription
34:55 Crop Rotation
35:54 Gold Shaft Mining
36:42 Hand Cart
37:50 Iron Casting
39:55 Chain Barding Armor
41:02 Stone Shaft Mining
41:20 Tuntian
41:29 Elite Tiger Cavalry
42:37 Light Cavalry
43:27 Bloodlines
43:35 Husbandry
44:27 Hussar
46:09 Blast Furnace
48:03 Bodkin Arrow
DougSh4rK
0:33 Loom
14:05 Feudal Age
18:44 Castle Age
17:25 Horse Collar
17:36 Double-Bit Axe
24:54 Ballistics
26:01 Fletching
26:12 Padded Archer Armor
29:18 Bow Saw
29:12 Heavy Plow
29:16 Bodkin Arrow
30:38 Gold Mining
30:39 Stone Mining
30:13 Crossbowman
31:09 Fortified Wall
33:23 Leather Archer Armor
33:19 Forging
33:10 Scale Mail Armor
35:50 Imperial Age
36:24 Onager
37:39 Capped Ram
38:02 Arbalester
40:08 Chemistry
49:34 Siege Ram
darkdudu
3:37 Loom
11:54 Feudal Age
16:13 Castle Age
14:54 Double-Bit Axe
14:52 Horse Collar
23:47 Redemption
25:32 Fervor
26:34 Sanctity
26:49 Gold Mining
26:50 Stone Mining
27:36 Wheelbarrow
29:28 Hand Cart
31:22 Gold Shaft Mining
31:23 Stone Shaft Mining
30:53 Heavy Plow
32:05 Atonement
35:09 Imperial Age
34:00 Treadmill Crane
34:23 Scale Mail Armor
34:35 Forging
36:29 Garland Wars
35:29 Elite Jaguar Warrior
36:30 Block Printing
36:43 Illumination
36:55 Theocracy
36:39 Chain Mail Armor
36:59 Iron Casting
37:14 Conscription
38:53 Plate Mail Armor
38:38 Caravan
41:51 Capped Ram
44:45 Siege Ram
Wololo 2.0
0:33 Loom
10:24 Feudal Age
17:55 Castle Age
17:37 Double-Bit Axe
17:48 Gold Mining
26:35 Wheelbarrow
26:55 Bow Saw
28:42 Hand Cart
28:14 Town Watch
34:39 Imperial Age
32:40 Husbandry
33:46 Scale Barding Armor
33:51 Forging
34:45 Cavalier
35:49 Chain Barding Armor
36:05 Iron Casting
37:22 Plate Barding Armor
39:13 Blast Furnace
37:57 Paladin
43:10 Caravan
43:42 Coinage
49:04 Banking
53:02 Light Cavalry
Connection lost

Rejoining the realm…

Still unreachable

The connection could not be restored.

Session expired

The server has moved on; the page needs a fresh start.